AoeStats
← chewie1706

Arena

507265037Analyzed
3v3 RM · 14d ago on Sep 17, 2026· 41m 35s· 6 players
Game mode
Random Map
Map size
Normal (6 player)
Population
200
Speed
Normal
Resources
Standard
Victory
Conquest
Starting age
Dark Age
Ending age
Imperial Age
RankedLock teamsTeams togetherTeam positionsShared explorationLock speedFull tech treeHidden civsTurbo modeCheats
Victory
Defeat
🇫🇷 Mongols · France
1513
+6
🇫🇷 Franks · France
1483
+6
🇨🇭 Britons · Switzerland
1302
+11
🇮🇳 Lithuanians · India
1241
-8
🇮🇳 Dravidians · India
1235
-8
🇮🇳 Teutons · India
1220
-7
chewie1706
5:01 Loom
7:16 Feudal Age
7:56 Double-Bit Axe
9:15 Fletching
13:09 Horse Collar
20:27 Wheelbarrow
19:37 Town Watch
24:05 Castle Age
22:56 Stone Mining
23:00 Gold Mining
25:04 Bow Saw
24:54 Heavy Plow
28:34 Bodkin Arrow
36:52 Imperial Age
34:43 Padded Archer Armor
35:56 Stone Shaft Mining
36:09 Gold Shaft Mining
37:35 Bracer
38:14 Leather Archer Armor
38:25 Elite Mangudai
40:03 Ballistics
41:21 Chemistry
41:11 Conscription
AGS.Grimnel
11:14 Feudal Age
13:36 Double-Bit Axe
16:03 Castle Age
13:53 Horse Collar
17:40 Wheelbarrow
17:48 Bow Saw
21:32 Heavy Plow
24:50 Gold Mining
28:44 Imperial Age
26:03 Loom
26:04 Town Watch
26:34 Fletching
26:44 Padded Archer Armor
28:13 Bodkin Arrow
28:18 Padded Archer Armor
28:48 Ballistics
30:13 Bracer
30:29 Leather Archer Armor
29:36 Crossbowman
31:25 Gold Shaft Mining
31:10 Hand Cart
30:59 Arbalester
33:34 Ring Archer Armor
33:18 Forging
33:47 Conscription
34:20 Warwolf
34:14 Elite Skirmisher
35:56 Scale Mail Armor
36:31 Iron Casting
37:07 Chemistry
36:18 Masonry
36:53 Murder Holes
Eras Mousse
10:41 Feudal Age
12:17 Double-Bit Axe
15:01 Castle Age
15:02 Light Cavalry
16:43 Bow Saw
21:23 Wheelbarrow
21:00 Loom
21:00 Town Watch
25:48 Hand Cart
25:32 Gold Mining
25:34 Stone Mining
29:30 Imperial Age
27:37 Husbandry
28:52 Scale Barding Armor
28:57 Forging
30:00 Gold Shaft Mining
29:34 Cavalier
31:20 Chain Barding Armor
32:26 Chemistry
32:38 Plate Barding Armor
31:56 Paladin
33:35 Iron Casting
35:41 Blast Furnace
35:29 Siege Engineers
42:03 Fletching
PaikSiegePush
10:23 Feudal Age
8:39 Loom
15:36 Castle Age
13:56 Horse Collar
15:37 Double-Bit Axe
15:44 Gold Mining
18:36 Bow Saw
19:16 Heavy Plow
19:39 Town Watch
24:00 Stone Mining
25:16 Wheelbarrow
30:14 Imperial Age
28:50 Hand Cart
29:09 Fletching
29:19 Padded Archer Armor
30:09 Bodkin Arrow
31:06 Bracer
31:31 Ballistics
32:19 Chemistry
32:21 Conscription
32:23 Thumb Ring
33:00 Elite Elephant Archer
33:57 Leather Archer Armor
36:01 Medical Corps
Nawaab
11:04 Feudal Age
13:12 Double-Bit Axe
15:49 Castle Age
13:36 Horse Collar
14:31 Scale Barding Armor
15:02 Bloodlines
17:04 Bow Saw
18:31 Gold Mining
18:45 Husbandry
20:21 Loom
21:27 Forging
22:45 Wheelbarrow
23:37 Town Watch
24:08 Hand Cart
26:14 Chain Barding Armor
27:46 Iron Casting
29:26 Scale Mail Armor
28:48 Pikeman
29:29 Squires
32:32 Imperial Age
30:55 Chain Mail Armor
31:59 Heavy Plow
33:24 Tower Shields
32:57 Halberdier
34:59 Conscription
Anath3mA
11:04 Feudal Age
9:22 Loom
11:07 Feudal Age
13:20 Fletching
20:37 Double-Bit Axe
20:34 Horse Collar
25:41 Castle Age
23:55 Gold Mining
23:56 Stone Mining
27:37 Bodkin Arrow
29:19 Bow Saw
30:45 Wheelbarrow
31:25 Guard Tower
32:31 Ballistics
36:15 Imperial Age
34:18 Masonry
35:34 Fortified Wall
38:01 Chemistry
37:38 Keep
41:19 Hand Cart
Connection lost

Rejoining the realm…

Still unreachable

The connection could not be restored.

Session expired

The server has moved on; the page needs a fresh start.